Map: Nightshade LE

Players

jheffe

  • Race: Terran Terran
  • League: Grandmaster
  • Spawn Location: 11:00

Social (Future) - Winner!

  • Race: Terran Terran
  • League: Grandmaster
  • Spawn Location: 5:00

VOD

Have the link to the VOD?

Description

Time

  • Played on: April 23, 2020, 6:15 p.m.
  • Length: 5:19
Show
View Real Time Build Order
Export as new Build Order

jheffe Terran 

Build Orders:  

Get SALT Encoding   

  12  0:01  SCV  
  13  0:13  SCV  
  14  0:17  Supply Depot  
  14  0:25  SCV  
  14  0:27  Refinery  
  15  0:38  SCV  
  16  0:44  Barracks  
  16  0:51  SCV  
  17  1:03  SCV  
  18  1:15  SCV  
  20  1:33  Reaper  
  20  1:35  Orbital Command  
  20  1:45  Command Center  
  20  1:57  Factory  
  20  2:00  SCV  
  21  2:06  Barracks Reactor  
  21  2:12  SCV  
  22  2:17  Supply Depot  
  22  2:20  Refinery  
  22  2:24  SCV  
  23  2:38  SCV  
  23  2:41  Starport  
  23  2:43  Hellion  
  26  2:46  Marine x2  
  26  2:51  SCV  
  29  2:57  Orbital Command  
  29  3:03  SCV  
  30  3:06  Factory Tech Lab  
  30  3:08  Marine  
  31  3:15  Marine  
  31  3:17  SCV, Refinery  
  33  3:23  SCV  
  34  3:29  SCV  
  34  3:31  Factory Tech Lab, Raven  
  34  3:33  Supply Depot  
  37  3:35  SCV  
  37  3:39  Marine x2  
  40  3:41  SCV  
  40  3:47  SCV  
  41  3:57  SCV  
  41  4:00  Cyclone  
  41  4:01  Supply Depot  
  41  4:02  SCV  
  46  4:12  Marine x2  
  46  4:16  SCV, Raven  
  51  4:20  SCV  
  52  4:25  Supply Depot  
  52  4:28  SCV  
  53  4:32  Siege Tank  
  53  4:38  SCV  
  57  4:40  SCV  
  57  4:43  Marine x2  
  59  4:50  SCV  
Show
View Real Time Build Order
Export as new Build Order

Social Terran - Winner!

Build Orders: Gas First Reaper Expand, Banshee Rush 

Get SALT Encoding   

  12  0:00  SCV  
  13  0:13  SCV  
  14  0:16  Supply Depot  
  14  0:25  SCV  
  15  0:30  Refinery  
  15  0:38  SCV  
  16  0:44  Barracks  
  16  0:50  SCV  
  17  1:02  SCV  
  18  1:15  SCV  
  19  1:32  Orbital Command, Reaper  
  20  1:42  Command Center  
  20  1:52  Factory  
  20  1:58  SCV  
  21  2:05  Refinery  
  21  2:07  Barracks Reactor  
  21  2:10  SCV  
  21  2:15  Supply Depot  
  22  2:22  SCV  
  24  2:37  SCV  
  24  2:38  Starport  
  24  2:46  Hellion x2  
  24  2:48  Barracks Tech Lab  
  24  2:49  SCV  
  29  2:55  Orbital Command  
  29  3:01  SCV  
  30  3:09  Hellion x2  
  34  3:13  SCV  
  35  3:20  SCV  
  35  3:23  Cloaking Field  
  35  3:25  SCV  
  37  3:28  Banshee  
  37  3:32  SCV  
  41  3:34  Marine x2  
  41  3:37  SCV  
  41  3:39  Supply Depot  
  44  3:42  Factory Tech Lab  
  44  3:44  SCV  
  45  3:49  SCV  
  46  3:58  Supply Depot  
  46  4:01  SCV x2  
  48  4:05  Cyclone, Marine x2  
  53  4:13  SCV  
  54  4:19  Banshee  
  54  4:20  SCV, Supply Depot  
  54  4:23  Marine x2  
  60  4:25  SCV  
  61  4:32  SCV  
  61  4:33  Supply Depot  
  62  4:41  Command Center  
  62  4:42  SCV, Siege Tank  
  62  4:44  SCV  
  67  4:51  Marine x2  
  69  4:54  SCV  
  69  4:56  SCV  
  71  5:06  SCV  
Tags
 
Add a new tag
Caveats
  • Supply blocks, unpowered buildings, or Contaminate may cause inaccurate times.
  • Supply counts are checked every 10 seconds.